 Dungeon Crawl Stone Soup version 0.31-a0-889-g1a8549509d (webtiles) character file.

Game seed: 19435873667550197

11 Demosthentine the Ducker (level 2, 14/22 HPs)
             Began as a Demonspawn Gladiator on Oct 16, 2023.
             Got out of the dungeon alive.
             The game lasted 00:00:14 (126 turns).

Demosthentine the Ducker (Demonspawn Gladiator)      Turns: 126, Time: 00:00:15

Health: 14/22      AC:  4    Str: 14    XL:     2   Next: 13%
Magic:  2/2        EV: 12    Int:  9    God:
Gold:   0          SH:  0    Dex: 14    Spells: 1/1 levels left

rFire   . . .        a - +0 trident
rCold   . . .        (no shield)
rNeg    . . .        b - +0 leather armour
rPois   .            c - +0 helmet
rElec   .            (no cloak)
rCorr   .            (no gloves)
SInv    .            (no boots)
Will    .....        (no amulet)
Stlth   +            (no ring)
HPRegen 0.23/turn    (no ring)
MPRegen 0.08/turn

%: no passive effects
@: no status effects
A: claws 1
a: no special abilities


You escaped.
You visited 1 branch of the dungeon, and saw 1 of its levels.

Inventory:

Hand Weapons
 a - a +0 trident (weapon)
Missiles
 d - 3 throwing nets (quivered)
 e - a javelin
Armour
 b - a +0 leather armour (worn)
 c - a +0 helmet (worn)
Scrolls
 f - a scroll of identify {unknown}


   Skills:
 + Level 2.2 Fighting
 + Level 2.8 Polearms
 - Level 1.7 Throwing
 + Level 0.6 Armour
 + Level 2.8 Dodging


You had one spell level left.
You didn't know any spells.
Your spell library was empty.

Dungeon Overview and Level Annotations

Branches:
Dungeon (1/15)

Altars:


Innate Abilities, Weirdness & Mutations

You have sharp fingernails.


Message History

The ball python bites you but does no damage.
The ball python constricts you. The goblin hits you with a +0 dagger.
You barely miss the ball python.
The ball python bites you but does no damage.
The ball python constricts you. The goblin closely misses you.
The ball python bites you but does no damage.
The ball python constricts you.
You hit the ball python.
You kill the ball python!
The goblin barely misses you.
You barely miss the goblin. Your punch misses the goblin.
The hobgoblin hits you but does no damage.
The goblin hits you with a +0 dagger.
The hobgoblin hits you but does no damage.
You hit the goblin.
You kill the goblin!
The hobgoblin hits you.
You are too injured to fight recklessly!
You are too injured to fight recklessly!
You are too injured to fight recklessly!
You are too injured to fight recklessly!
You are too injured to fight recklessly!
You hit the hobgoblin.
You kill the hobgoblin!
You have reached level 2!
Your demonic ancestry asserts itself...
Your fingernails lengthen.
You hit the rat.
You kill the rat!
You hit the endoplasm.
The endoplasm is heavily wounded.
The endoplasm hits you but does no damage.
You hit the endoplasm but do no damage.
The endoplasm is heavily wounded.
The endoplasm closely misses you.
You puncture the endoplasm!
You kill the endoplasm!
You see here a hobgoblin corpse.
There is a staircase leading out of the dungeon here.
You have escaped!

♣~~P♣♣P~~♣ #...
♣♣~~~♣♣~~~♣♣~~~♣ #...
♣..^.♣♣.^.P .^.♣ #...
♣P..P♣♣P.PP ... #...
♣♣♣♣♣♣♣.♣♣♣♣.♣♣♣♣.♣ #...
♣♣P~.P♣........♣♣..♣ ###...
♣8~~^..........♣♣P.###)†...
♣♣P~.P♣........P.......#†..
♣♣♣♣♣♣...@............##..
♣♣~~.P♣.......P.P......##..
♣8~~^..........♣♣..######..
♣♣P~.P♣........♣♣..♣ #..
♣♣♣♣♣♣♣.♣♣♣♣.♣♣♣♣.♣♣ #..
♣P..P♣♣P..P♣...♣ #..
♣..^.♣♣.^..♣.^.♣ #..
♣♣~~~♣♣~~~♣♣~~~♣ #..
♣P~P♣♣~~P♣♣P~~♣ #.#


There were no monsters in sight!

Vanquished Creatures
  A dart slug (D:1)
  2 endoplasms (D:1)
  A goblin (D:1)
  A hobgoblin (D:1)
  A ball python (D:1)
  A frilled lizard (D:1)
  2 rats (D:1)
9 creatures vanquished.

Notes
Turn   | Place    | Note
-------+----------+-------------------------------------------
     0 | D:1      | Demosthentine the Demonspawn Gladiator began the quest for
                  | the Orb.
     0 | D:1      | Reached XP level 1. HP: 16/16 MP: 1/1
   107 | D:1      | Gained mutation: You have sharp fingernails. [demonic
                  | ancestry]
   107 | D:1      | Reached XP level 2. HP: 10/22 MP: 2/2
   126 | D:$      | Got out of the dungeon alive.

Illustrated notes

Levels and vault maps discovered:
D:1:      psy_arrival_wood_between_worlds, layout_basic,
          hellmonk_ecumenical_altar_defaced_shrine

Action                     || total
---------------------------++-------
  Melee: Trident           ||    32
 Armour: Leather armour    ||    27
  Dodge: Dodged            ||    31

Table legend: (Time is in decaauts)
 A = Elapsed time spent in this place.
 B = Non-inter-level travel time spent in this place.
 C = Inter-level travel time spent in this place.
 D = Time resting spent in this place.
 E = Time spent auto-exploring this place.
 F = Levels seen in this place.
 G = Mean time per level.
                   A        B        C        D        E       F      G
               +--------+--------+--------+--------+--------+-----+--------+
         Total |    131 |    131 |      0 |      0 |     66 |   1 |  131.0 |
       Dungeon |    131 |    131 |      0 |      0 |     66 |   1 |  131.0 |
               +--------+--------+--------+--------+--------+-----+--------+

Top non-repeatable levels by time:
     D:1: 131 daAuts
